 Dungeon Crawl Stone Soup version 0.19.1 (console) character file.

846 Morrissey the Spear-Bearer (level 7, -4/52 HPs)
             Began as a Demonspawn Berserker on Dec 23, 2016.
             Was a Priest of Trog.
             Slain by a phantom (8 damage)
             ... on level 5 of the Dungeon.
             The game lasted 00:09:06 (3756 turns).

Morrissey the Spear-Bearer (Demonspawn Berserker)   Turns: 3756, Time: 00:09:07

Health: -4/52      AC:  2    Str: 17 (19) XL:     7   Next: 68%
Magic:  16/16      EV: 12    Int:  6 (8)  God:    Trog [***...]
Gold:   147        SH:  0    Dex: 14 (16) Spells: 0 memorised, 6 levels left

rFire  + . .     SeeInvis .     a - +12 mace of Hememiq {drain, MP+9}
rCold  . . .     Gourm    .     b - +0 animal skin
rNeg   . . .     Faith    .     (no shield)
rPois  .         Spirit   .     (helmet restricted)
rElec  .         Reflect  .     (no cloak)
rCorr  .         Harm     .     (no gloves)
MR     ++...                    (no boots)
Stlth  +.........               k - amulet of magic regeneration
                                u - +3 ring of dexterity
                                i - ring of protection from fire

@: exhausted, regenerating, slowed, very slow
A: claws 1, horns 1, powered by pain 1
a: Berserk, Trog's Hand, Burn Spellbooks, Renounce Religion


You were on level 5 of the Dungeon.
You worshipped Trog.
Trog was most pleased with you.
You were very hungry.

You visited 1 branch of the dungeon, and saw 5 of its levels.

You collected 147 gold pieces.

Inventory:

Hand Weapons
 a - the +12 mace of Hememiq (weapon) {drain, MP+9}
   (You found it on level 5 of the Dungeon)

   A truly terrible weapon, it drains the life of those it strikes.
   It affects your magic capacity (+9).
Armour
 b - a +0 animal skin (worn)
Jewellery
 h - an uncursed ring of protection from fire
 i - a ring of protection from fire (left claw)
 k - an amulet of magic regeneration (around neck)
 s - an uncursed ring of protection from magic {unknown}
 u - a +3 ring of dexterity (right claw)
Scrolls
 d - 2 scrolls of teleportation {unknown}
 e - 3 scrolls of remove curse {unknown}
 g - 2 scrolls of identify {unknown}
 n - 3 scrolls of amnesia {unknown}
 p - 2 scrolls of magic mapping {unknown}
 q - a scroll of fog {unknown}
 r - 2 scrolls of noise {unknown}
Potions
 j - a potion of flight
 m - a potion of brilliance
Comestibles
 c - 6 bread rations
 f - 3 meat rations
 l - 3 chunks of flesh


   Skills:
 - Level 3.0 Fighting
 + Level 2.5 Maces & Flails
   Level 8.0 Polearms
 - Level 1.7 Armour
 - Level 1.7 Dodging


You had 6 spell levels left.
You didn't know any spells.

Dungeon Overview and Level Annotations

Branches:
Dungeon (5/15)             Temple (0/1) D:4

Altars:
Cheibriados
Dithmenos
Elyvilon
Nemelex Xobeh
Qazlal

Annotations:
D:5 1 runed door


Innate Abilities, Weirdness & Mutations

You have sharp fingernails.
You have a pair of small horns on your head.
You sometimes gain a little power by taking damage.


Message History

You are too berserk!
Unknown command.
You barely miss the phantom.
The phantom blinks!
You feel a strong urge to attack something.
You are no longer berserk.
You are exhausted.
You feel yourself slow down.
You hit the phantom but do no damage. The phantom barely misses you.
The phantom blinks!
Okay, then.
Your skin crawls.
You feel resistant to hostile enchantments.
You are feeling very hungry.
The phantom hits you.
* * * LOW HITPOINT WARNING * * *
Unknown command.
You thump the phantom! You headbutt the phantom.
The phantom is heavily damaged.
The phantom hits you!
You die...

#####.##.........._..#
#....<....####.#?⌠.⌠.#
#####........#.##....#
#.######.........# #.#
###)##...# .... #.#
#..#...# .... #.#
##.#..# ... #.# #....#
.. #.# ######W@..# . #
###.# #.........# ..
#...# #.........##..
#..# #.###
#.........##.. #...
#.# #.........##..
#... #.#
##.........##.. #...
#.# #.......)..≈#..##
##.. #.#
#.######.##≈##..#
....# ##.# #.#
#.##≈≈#.)##.. .. #


You could see a phantom.

Vanquished Creatures
  Duvessa (D:5)
  An ice beast (D:5)
  The ghost of Faustar the Changer, an amateur DrTm (D:3)
  A big kobold (D:5)
  Dowan (D:5)
  2 howler monkeys (D:4)
  A crimson imp (D:4)
  An orc priest (D:5)
  3 orc wizards
  Ijyb (D:3)
  A worker ant zombie (D:3)
  9 adders
  2 adder skeletons
  2 worms
  A dart slug (D:3)
  2 leopard geckos
  14 orcs
  2 bats
  2 giant cockroaches
  13 goblins
  6 hobgoblins
  6 jackals (D:3)
  20 kobolds
  3 frilled lizards
  A quokka skeleton (D:4)
  5 rats
102 creatures vanquished.

Notes
Turn   | Place    | Note
-------+----------+-------------------------------------------
     0 | D:1      | Morrissey the Demonspawn Berserker began the quest for the Orb.
     0 | D:1      | Reached XP level 1. HP: 18/18 MP: 1/1
   101 | D:1      | Reached skill level 3 in Polearms
   184 | D:1      | Gained mutation: You have a pair of small horns on your head. [demonic ancestry]
   184 | D:1      | Reached XP level 2. HP: 22/24 MP: 2/2
   860 | D:2      | Gained mutation: You have sharp fingernails. [demonic ancestry]
   860 | D:2      | Reached XP level 3. HP: 19/29 MP: 3/3
   882 | D:2      | Found a stormy altar of Qazlal.
  1034 | D:2      | Reached skill level 4 in Polearms
  1505 | D:3      | Gained mutation: You sometimes gain a little power by taking damage. [demonic ancestry]
  1505 | D:3      | Reached XP level 4. HP: 12/35 MP: 4/4
  1699 | D:3      | Noticed Ijyb
  1703 | D:3      | Reached ** piety under Trog
  1710 | D:3      | Killed Ijyb
  1724 | D:3      | Noticed Faustar's ghost (amateur DrTm)
  1765 | D:3      | Reached skill level 5 in Polearms
  1768 | D:3      | Killed Faustar's ghost
  1768 | D:3      | Reached XP level 5. HP: 38/41 MP: 5/5
  1831 | D:3      | Found a faded altar of an unknown god.
  1994 | D:3      | Reached skill level 6 in Polearms
  2314 | D:4      | Reached XP level 6. HP: 36/47 MP: 6/6
  2390 | D:4      | Reached *** piety under Trog
  2446 | D:4      | Found a staircase to the Ecumenical Temple.
  2751 | D:4      | Reached skill level 7 in Polearms
  2971 | D:5      | Entered Level 5 of the Dungeon
  2971 | D:5      | Found a white marble altar of Elyvilon.
  2971 | D:5      | Noticed an ice beast
  2993 | D:5      | Killed an ice beast
  2993 | D:5      | Reached XP level 7. HP: 21/52 MP: 7/7
  3089 | D:5      | HP: 2/52 [poisoned by a big kobold]
  3096 | D:5      | HP: 2/52 [poisoned by a big kobold]
  3101 | D:5      | HP: 1/52 [poisoned by a big kobold]
  3163 | D:5      | Found a faded altar of an unknown god.
  3163 | D:5      | Found a faded altar of an unknown god.
  3168 | D:5      | Found a snail-covered altar of Cheibriados.
  3170 | D:5      | Found a faded altar of an unknown god.
  3171 | D:5      | Found a faded altar of an unknown god.
  3203 | D:5      | Found a shadowy altar of Dithmenos.
  3261 | D:5      | HP: 2/52 [something/magic dart (4)]
  3572 | D:5      | Reached skill level 8 in Polearms
  3595 | D:5      | Got a smoking mace
  3596 | D:5      | Identified the +12 mace of Hememiq {drain, MP+9} (You found it on level 5 of the Dungeon)
  3599 | D:5      | Found a runed door.
  3675 | D:5      | Found a sparkling altar of Nemelex Xobeh.
  3676 | D:5      | Noticed Dowan
  3711 | D:5      | Killed Dowan
  3711 | D:5      | Reached skill level 1 in Maces & Flails
  3738 | D:5      | Noticed Duvessa
  3744 | D:5      | HP: 2/78 [Duvessa/short sword (13)]
  3745 | D:5      | Killed Duvessa
  3755 | D:5      | HP: 2/52 [phantom (3)]
  3756 | D:5      | Slain by a phantom

Skill      XL: |  1  2  3  4  5  6  7 |
---------------+----------------------+-----
Polearms       | 3 4 5 6 7 8 |  8.0
Maces & Flails | 2 |  2.5
Fighting       | |  3.0
Armour         | |  1.7
Dodging        | |  1.7

Action                   |  1- 3 |  4- 6 |  7- 9 || total
-------------------------+-------+-------+-------++-------
Melee: Spear             |   119 |   222 |    55 ||   396
       Headbutt          |     8 |    51 |    10 ||    69
       Mace              |       |       |    16 ||    16
Invok: Berserk           |       |     4 |     3 ||     7
       Trog's Hand       |       |       |     3 ||     3
       Burn Spellbooks   |       |       |     1 ||     1
  Use: Potion            |       |       |     5 ||     5
 Stab: Sleeping          |       |     1 |       ||     1
  Eat: Chunk             |     2 |     7 |     5 ||    14
       Fruit             |       |       |     2 ||     2
Armor: Animal skin       |    17 |     8 |     4 ||    29
Dodge: Dodged            |    59 |    88 |    17 ||   164
